 Dungeon Crawl Stone Soup version 0.23.2-1-ga50397a6bc (webtiles) character file.

Game seed: 16127892036412273288

477 Mrkan the Chopper (level 6, -4/57 HPs)
             Began as a Deep Dwarf Fighter on May 20, 2019.
             Slain by an ogre
             ... wielding a +0 giant spiked club
              (11 damage)
             ... on level 4 of the Dungeon.
             The game lasted 00:04:06 (2544 turns).

Mrkan the Chopper (Deep Dwarf Fighter)              Turns: 2544, Time: 00:04:07

Health: -4/57      AC:  6    Str: 22    XL:     6   Next: 85%
Magic:  6/6        EV:  7    Int:  8    God:
Gold:   135        SH: 10    Dex: 12    Spells: 5/5 levels left

rFire    . . .     SeeInvis .   a - +0 war axe
rCold    . . .     Gourm    .   c - +0 shield
rNeg     . . .     Faith    .   b - +0 scale mail
rPois    .         Spirit   .   (no helmet)
rElec    .         Reflect  .   (no cloak)
rCorr    .         Harm     .   (no gloves)
MR       .....                  (no boots)
Stlth    ..........             (no amulet)
HPRegen  0.00/turn              (no ring)
MPRegen  0.10/turn              (no ring)

@: non-regenerating
A: damage resistance, heal wounds, sense surroundings 1, no regeneration
a: Heal Wounds


You were on level 4 of the Dungeon.
You were not hungry.

You visited 1 branch of the dungeon, and saw 4 of its levels.
You also visited: Sewer.

You collected 135 gold pieces.

Inventory:

Hand Weapons
 a - a +0 war axe (weapon)
Armour
 b - a +0 scale mail (worn)
 c - a +0 shield (worn)
Jewellery
 k - an uncursed ring of protection from magic {unknown}
Scrolls
 e - 6 scrolls of identify {unknown}
 j - 4 scrolls of teleportation {unknown}
 l - a scroll of amnesia {unknown}
 p - a scroll of enchant armour {unknown}
 q - a scroll of blinking {unknown}
 s - a scroll of fear {unknown}
 t - a scroll of immolation {unknown}
Potions
 d - a potion of might
 g - a potion of berserk rage {unknown}
 h - a potion of brilliance {unknown}
 i - a potion of ambrosia {unknown}
 m - 2 potions of heal wounds {unknown}
 n - 2 potions of flight {unknown}
 o - 2 potions of lignification {unknown}
Comestibles
 f - 9 rations


   Skills:
 + Level 4.2 Fighting
 * Level 6.0 Axes
 - Level 3.2 Armour
 + Level 5.1 Shields


You had 5 spell levels left.
You didn't know any spells.
Your spell library was empty.

Dungeon Overview and Level Annotations

Branches:
Dungeon (4/15)
 Temple: D:4-7

Altars:
Cheibriados
Vehumet


Innate Abilities, Weirdness & Mutations

You are resistant to damage.
You can heal yourself by infusing magical energy.
You passively map a small area around you.
You do not regenerate.


Message History

The ogre shouts!
An ogre is nearby!
Found a cyan potion.
You slash the ogre!
The ogre is heavily wounded.
The ogre barely misses you.
Your shield and scale mail prevent you from hitting the ogre.
The ogre is heavily wounded.
You block the ogre's attack.
You slash the ogre!
The ogre is severely wounded.
The ogre hits you with a +0 giant spiked club!!
You hit the ogre.
The ogre is severely wounded.
The ogre hits you with a +0 giant spiked club!
* * * LOW HITPOINT WARNING * * *
You hit the ogre.
The ogre is almost dead.
The ogre hits you with a +0 giant spiked club!
You die...

, , #. #. * .#
* ## , , ###.#
#####.# #
.....##.....#.#
, #
#!#.#...#..#.#
..............*
,
..#.#.#...#..#
* ,,
.........##..#
, *#......O@..#
#####
#########..##
#...######
##≈≈≈...#
#......... **
##≈≈≈≈≈..#
#...######
#_≈≈.≈≈..#
##.##
##≈≈≈≈≈.## #.#
##≈≈≈.## #.#
####.#######.#
#.........#


You could see an ogre.

Vanquished Creatures
  Grinder (D:3)
  A big kobold (Sewer)
  A jelly (D:1)
  Jessica (D:3)
  3 adders
  4 gnolls (D:3)
  A river rat (Sewer)
  3 oozes (D:1)
  3 worms
  2 dart slugs
  3 orcs (D:3)
  A ball python (D:1)
  10 giant cockroaches
  4 goblins
  A hobgoblin (D:1)
  3 jackals
  A bat (D:2)
  3 frilled lizards
  9 kobolds
  12 rats
67 creatures vanquished.

Notes
Turn   | Place    | Note
-------+----------+-------------------------------------------
     0 | D:1      | Mrkan the Deep Dwarf Fighter began the quest for the Orb.
     0 | D:1      | Reached XP level 1. HP: 20/20 MP: 1/1
     0 | D:1      | Noticed a jelly
     1 | D:1      | Found a runed translucent door.
   151 | D:1      | Reached XP level 2. HP: 21/27 MP: 2/2
   481 | D:1      | Reached skill level 3 in Axes
   496 | D:1      | Reached XP level 3. HP: 24/34 MP: 3/3
   510 | D:1      | Reached XP level 4. HP: 30/42 MP: 4/4
  1538 | D:3      | Found a glowing drain.
  1564 | D:3      | Reached skill level 4 in Axes
  1588 | Sewer    | Entered a sewer
  1667 | Sewer    | Noticed a big kobold
  1685 | Sewer    | Killed a big kobold
  1685 | Sewer    | Reached XP level 5. HP: 39/49 MP: 5/5
  1733 | Sewer    | Found a white marble altar of Elyvilon.
  1929 | D:3      | Found a radiant altar of Vehumet.
  1973 | D:3      | Noticed Jessica
  1992 | D:3      | Killed Jessica
  1992 | D:3      | Reached skill level 5 in Axes
  2069 | D:3      | Noticed Grinder
  2071 | D:3      | Reached XP level 6. HP: 36/57 MP: 6/6
  2087 | D:3      | Killed Grinder
  2087 | D:3      | Reached skill level 5 in Shields
  2341 | D:3      | Reached skill level 6 in Axes
  2508 | D:4      | Found a snail-covered altar of Cheibriados.
  2544 | D:4      | Slain by an ogre

Skill      XL: |  1  2  3  4  5  6 |
---------------+-------------------+-----
Axes           | 3 4 5 6 |  6.0
Fighting       | 3 4 |  4.2
Shields        | 4 5 |  5.1
Armour         | |  3.2

Action                   |  1- 3 |  4- 6 || total
-------------------------+-------+-------++-------
Melee: War axe           |    53 |   162 ||   215
 Abil: Heal Wounds       |       |     2 ||     2
  Eat: Chunk             |       |     6 ||     6
Armor: Scale mail        |    27 |    47 ||    74
Dodge: Dodged            |    10 |    33 ||    43
Block: Shield            |    32 |    91 ||   123
